 Dungeon Crawl Stone Soup version 0.22-a0-533-g4d20840 (webtiles) character file.

422 kae the Insei (level 6, 0/46 HPs)
             Began as a Demonspawn Transmuter on June 22, 2018.
             Slain by Sigmund
             ... wielding a +0 scythe
              (8 damage)
             ... on level 4 of the Dungeon.
             The game lasted 00:03:27 (4691 turns).

kae the Insei (Demonspawn Transmuter)               Turns: 4691, Time: 00:03:27

Health: 0/46       AC:  3    Str: 10    XL:     6   Next: 63%
Magic:  10/10      EV: 11    Int: 14    God:
Gold:   148        SH:  0    Dex: 16    Spells: 5/11 levels left

rFire    . . .     SeeInvis .   i - +0 short sword
rCold    . . .     Gourm    .   m - +0 buckler
rNeg     . . .     Faith    .   e - +0 leather armour
rPois    .         Spirit   .   (helmet restricted)
rElec    .         Reflect  .   (no cloak)
rCorr    .         Harm     .   (no gloves)
MR       .....                  (no boots)
Stlth    +++.......             (no amulet)
HPRegen  0.15/turn              (no ring)
MPRegen  0.12/turn              (no ring)

@: confused
A: horns 1, talons 1, nightstalker 2
a: no special abilities


You were on level 4 of the Dungeon.
You were not hungry.

You visited 1 branch of the dungeon, and saw 4 of its levels.

You collected 148 gold pieces.

Inventory:

Hand Weapons
 i - a +0 short sword (weapon)
Missiles
 a - 91 arrows
Armour
 b - a +1 robe
 e - a +0 leather armour (worn)
 m - a +0 buckler (worn)
Wands
 f - a wand of scattershot (7)
Scrolls
 g - a scroll of remove curse
 h - 2 scrolls of identify
 j - a scroll of immolation {unknown}
 k - a scroll of enchant weapon {unknown}
 r - a scroll of amnesia
 s - a scroll of random uselessness {unknown}
Potions
 c - a potion of degeneration
Comestibles
 d - 12 rations


   Skills:
 + Level 2.6 Fighting
 - Level 1.7 Dodging
 + Level 1.6 Shields
 * Level 4.4 Unarmed Combat
 + Level 3.0 Spellcasting
 * Level 3.8 Transmutations


You had 5 spell levels left.
You knew the following spells:

 Your Spells              Type           Power        Failure   Level  Hunger
a - Beastly Appendage     Tmut           ##....       9%          1    #......
b - Sticks to Snakes      Tmut           ##......     13%         2    ##.....
c - Spider Form           Tmut/Pois      #.........   47%         3    ###....

Your spell library contained the following spells:

 Spells                   Type           Power        Failure   Level  Hunger
 Blade Hands              Tmut           ##........   93%         5    ######.
 Ice Form                 Ice/Tmut       #.......     87%         4    #####..


Dungeon Overview and Level Annotations

Branches:
Dungeon (4/15)
 Temple: D:4-7

Altars:
Trog
Uskayaw
Xom
Zin

Annotations:
D:2 exclusion: centaur
D:3 exclusion: 2 gnolls
D:4 Sigmund


Innate Abilities, Weirdness & Mutations

You have a pair of small horns on your head.
You have sharp toenails.
You are significantly more attuned to the shadows.


Message History

The puff of flame misses you.
A puff of flame appears from out of thin air!
The puff of flame hits you!
* * * LOW HITPOINT WARNING * * *
Something hits you!
* * * LOW HITPOINT WARNING * * *
You hit something.
You hear some strange, mumbled words.
You are more confused.
You feel less invigorated.
You hear some strange, mumbled words.
Something tries to affect you, but you resist.
A scorpion comes into view.
You hear some strange, mumbled words.
A puff of flame appears from out of thin air!
The puff of flame misses you. Something hits you!
* * * LOW HITPOINT WARNING * * *
Something hits you!
You die...

.. .. #. ####+##
#.###.....#
#...#.....#
#...'.....+
#...#.....#
#...#.....#
.s##.@{#.....#
........#......
........#......
........#......
#####+###......
#...........
#...........
+.....##########
#.....#........#


There were no monsters in sight!

Vanquished Creatures
  3 eyes of draining (D:3)
  3 gnolls (D:3)
  5 adders
  An ooze (D:3)
  A worm (D:2)
  2 dart slugs
  3 leopard geckos
  2 giant cockroaches
  8 goblins
  6 hobgoblins
  8 jackals
  10 kobolds
  2 quokkas
  A ball python (D:2)
  13 bats
  A frilled lizard (D:2)
  A quokka skeleton (D:4)
  5 rats
75 creatures vanquished.

Notes
Turn   | Place    | Note
-------+----------+-------------------------------------------
     0 | D:1      | kae the Demonspawn Transmuter began the quest for the Orb.
     0 | D:1      | Reached XP level 1. HP: 15/15 MP: 3/3
   340 | D:1      | Gained mutation: You are slightly more attuned to the shadows. [demonic ancestry]
   340 | D:1      | Reached XP level 2. HP: 18/21 MP: 5/5
   513 | D:1      | Learned a level 2 spell: Sticks to Snakes
   604 | D:1      | Reached skill level 3 in Unarmed Combat
  1101 | D:2      | Found a glowing silver altar of Zin.
  1112 | D:2      | Reached XP level 3. HP: 11/26 MP: 4/6
  1130 | D:2      | Learned a level 3 spell: Spider Form
  1638 | D:2      | Noticed a centaur
  2755 | D:3      | Gained mutation: You have a pair of small horns on your head. [demonic ancestry]
  2755 | D:3      | Reached XP level 4. HP: 18/33 MP: 7/7
  3256 | D:3      | Noticed an eye of draining
  3257 | D:3      | Found a bloodstained altar of Trog.
  3257 | D:3      | Noticed an eye of draining
  3257 | D:3      | Noticed an eye of draining
  3352 | D:3      | Killed an eye of draining
  3352 | D:3      | Gained mutation: You have sharp toenails. [demonic ancestry]
  3352 | D:3      | Reached XP level 5. HP: 38/38 MP: 0/8
  3364 | D:3      | Killed an eye of draining
  3364 | D:3      | Reached skill level 1 in Shields
  3364 | D:3      | Reached skill level 4 in Unarmed Combat
  3379 | D:3      | Killed an eye of draining
  3379 | D:3      | Gained mutation: You are significantly more attuned to the shadows. [demonic ancestry]
  3379 | D:3      | Reached XP level 6. HP: 46/46 MP: 0/10
  3658 | D:3      | Found a hide-covered altar of Uskayaw.
  3675 | D:3      | HP: 2/46 [adder (4)]
  4369 | D:4      | Found a shimmering altar of Xom.
  4669 | D:4      | Noticed Sigmund
  4691 | D:4      | Slain by Sigmund

Vault maps used:
D:1:      tarquinn_simple_flora_water_b
D:2:      old_standard_altar
D:3:      eat_drink_and_be_merry_uskayaw, trog_eyes_of_draining, first_ration
D:4:      lemuel_round_altar, xom_teletrap_fun, temple_statues,
          minmay_misc_feat_iff, uniq_sigmund

Skill      XL: |  1  2  3  4  5  6 |
---------------+-------------------+-----
Transmutations | 2 3 |  3.8
Unarmed Combat | 3 4 |  4.4
Fighting       | 2 |  2.6
Shields        | 1 |  1.6
Spellcasting   | 3 |  3.0
Dodging        | |  1.7

Action                   |  1- 3 |  4- 6 || total
-------------------------+-------+-------++-------
Melee: Unarmed           |    40 |       ||    40
       Headbutt          |     4 |    26 ||    30
       Short sword       |   102 |   150 ||   252
       Kick              |     8 |    44 ||    52
       Punch             |     1 |       ||     1
 Cast: Beastly Appendage |    13 |     5 ||    18
  Use: Scroll            |     5 |       ||     5
       Potion            |       |     9 ||     9
 Stab: Sleeping          |     4 |     4 ||     8
       Invisible         |       |     1 ||     1
  Eat: Chunk             |     5 |     4 ||     9
       Ration            |       |     1 ||     1
Armor: Robe              |    41 |       ||    41
       Leather armour    |     5 |    38 ||    43
Dodge: Dodged            |   133 |    91 ||   224
Block: Buckler           |       |    40 ||    40

Table legend:
 A = Spawn XP
 B = Non-spawn XP
 C = Spawn XP percentage of total XP
 D = Spawn monster count
 E = Non-spawn monster count
 F = Spawn count percentage of total count
 G = Total turns spent on level
                    A         B        C        D         E        F      G
               +---------+---------+-------+---------+---------+-------+---------
         Total |       0 |     603 |   0.0 |       0 |      75 |   0.0 |  4691
               +---------+---------+-------+---------+---------+-------+---------
           D:1 |       0 |      30 |   0.0 |       0 |      16 |   0.0 |  1076
           D:2 |       0 |      58 |   0.0 |       0 |      25 |   0.0 |  1633
           D:3 |       0 |     491 |   0.0 |       0 |      27 |   0.0 |  1636
           D:4 |       0 |      24 |   0.0 |       0 |       7 |   0.0 |   346
               +---------+---------+-------+---------+---------+-------+---------
